Map: Orbitalwerft

Players

LiquidFluid - Winner!

  • Race: Zerg Zerg

CircusHelm

  • Race: Terran Terran

VOD

Have the link to the VOD?

Description

Time

  • Played on: May 10, 2015, 1:53 a.m.
  • Length: 11:55
Show
View Real Time Build Order
Export as new Build Order

LiquidFluid Zerg - Winner!

Build Orders: Hatch First, Roach Zergling 

Get SALT Encoding   

  12  0:01  Drone  
  13  0:12  Overlord  
  13  0:20  Drone  
  14  0:27  Extractor  
  14  0:28  Drone  
  14  0:30  Drone, Extractor  
  16  0:52  Hatchery  
  15  1:00  Drone x2  
  17  1:05  Drone  
  18  1:11  Drone  
  18  1:12  Extractor  
  18  1:28  Spawning Pool  
  17  1:33  Drone x2  
  19  1:50  Overlord  
  19  2:15  Metabolic Boost, Queen  
  21  2:16  Queen  
  21  2:18  Zergling x8  
  21  2:20  Zergling x2  
  28  2:26  Drone  
  28  2:29  Drone  
  30  2:38  Drone  
  31  2:45  Drone  
  31  2:49  Drone  
  33  2:58  Queen  
  33  3:02  Burrow  
  33  3:04  Drone  
  33  3:05  Overlord  
  36  3:08  Overlord  
  36  3:11  Overlord  
  36  3:28  Drone  
  36  3:29  Drone x6  
  36  3:30  Drone  
  36  3:32  Drone  
  45  3:34  Drone  
  46  3:50  Hatchery  
  46  3:52  Drone, Extractor  
  46  3:53  Drone  
  47  3:55  Drone  
  47  4:00  Drone x2  
  47  4:01  Drone  
  51  4:02  Drone  
  51  4:09  Roach Warren  
  50  4:11  Drone x2  
  50  4:13  Drone  
  50  4:14  Drone  
  54  4:35  Overlord x4  
  54  4:36  Overlord x2  
  54  4:37  Overlord  
  54  4:40  Overlord  
  52  5:03  Queen  
  52  5:05  Roach  
  52  5:06  Roach x8  
  52  5:07  Roach  
  74  5:09  Roach  
  74  5:11  Roach  
  78  5:23  Roach x2  
  78  5:24  Roach x3  
  78  5:25  Roach  
  90  5:38  Roach x6  
  90  5:41  Roach  
  106  5:43  Roach  
  101  6:15  Roach x7  
  115  6:22  Drone x9  
  124  6:34  Lair  
  124  6:37  Extractor  
  124  6:38  Extractor  
  122  6:41  Drone x5  
  122  6:43  Extractor  
  122  6:46  Roach x18, Extractor  
  119  7:08  Roach x5  
  123  7:13  Overlord  
  123  7:14  Overlord x3  
  123  7:16  Roach x4  
  123  7:17  Zergling x4  
  123  7:18  Zergling x4  
  106  7:41  Glial Reconstitution  
  104  8:01  Hydralisk Den  
  104  8:05  Roach  
  103  8:06  Roach x7  
  117  8:19  Drone x3  
  120  8:20  Drone x6  
  120  8:21  Drone  
  120  8:22  Roach x25  
  120  8:23  Drone  
  120  8:24  Queen  
  130  8:47  Hatchery  
  107  8:54  Hatchery  
  84  9:00  Lurker Den  
  84  9:01  Spire  
  77  9:04  Zergling x10  
  77  9:05  Zergling x22  
  93  9:12  Roach x8  
  93  9:17  Hatchery  
  92  9:23  Roach x2  
  92  9:24  Roach x2  
  100  9:34  Roach x2  
  100  9:35  Roach x4  
  112  9:43  Evolution Chamber  
  111  9:49  Evolution Chamber  
  110  9:56  Baneling Nest, Roach  
  110  9:57  Roach x10  
  131  10:00  Drone x2  
  131  10:02  Queen  
  131  10:06  Drone  
  131  10:07  Drone  
  137  10:08  Drone, Queen  
  140  10:25  Mutalisk x5  
  150  10:34  Drone x5  
  150  10:35  Drone x2  
  157  10:36  Drone  
  157  10:42  Drone x2  
  160  10:43  Drone x2  
  160  10:44  Drone  
  160  10:45  Drone  
  164  10:58  Extractor  
  164  11:02  Mutalisk  
  164  11:03  Mutalisk x3  
  171  11:06  Mutalisk  
  171  11:10  Mutalisk  
  175  11:13  Mutalisk  
  175  11:14  Roach x29  
Show
View Real Time Build Order
Export as new Build Order

CircusHelm Terran 

Build Orders: 1 Rax Expand, Mech 

Get SALT Encoding   

  12  0:01  SCV  
  13  0:13  SCV  
  14  0:23  Supply Depot  
  14  0:25  SCV  
  15  0:45  SCV  
  16  0:50  Barracks  
  16  0:55  Refinery  
  16  0:57  SCV  
  17  1:11  SCV  
  18  1:23  SCV  
  19  1:38  Marine  
  21  1:40  Orbital Command  
  20  1:52  Command Center  
  20  1:56  Marine  
  21  2:06  SCV  
  22  2:14  Marine  
  22  2:15  Supply Depot  
  23  2:23  Refinery  
  23  2:25  Factory  
  23  2:30  Supply Depot  
  23  2:36  Marine  
  23  2:37  SCV  
  25  2:49  SCV  
  26  2:59  Marine  
  26  3:01  SCV  
  28  3:07  Supply Depot, Orbital Command  
  28  3:13  Factory Tech Lab, SCV  
  28  3:19  Factory  
  29  3:21  Factory  
  29  3:25  SCV  
  29  3:26  Marine  
  31  3:36  Cyclone  
  31  3:37  SCV x2  
  36  3:46  Refinery  
  36  3:49  SCV x2, Barracks Tech Lab  
  36  3:51  Marine  
  39  4:01  SCV x2  
  41  4:03  Factory Reactor  
  41  4:04  Factory Reactor  
  41  4:13  SCV  
  41  4:14  SCV  
  43  4:20  Armory, Marine  
  44  4:24  Supply Depot  
  44  4:25  SCV  
  44  4:26  SCV  
  46  4:32  Siege Tank  
  46  4:38  SCV x2  
  51  4:41  Command Center  
  51  4:42  Hellion x2  
  55  4:50  SCV x2  
  57  4:58  Hellion  
  56  5:00  Hellion  
  56  5:02  SCV x2  
  56  5:03  Supply Depot  
  56  5:04  Hellion  
  56  5:06  Supply Depot  
  62  5:10  Refinery  
  62  5:12  Marine  
  63  5:14  SCV x2  
  63  5:15  Hellion  
  63  5:19  Hellion  
  69  5:25  Hellion x3  
  75  5:30  Marine  
  75  5:32  SCV  
  77  5:41  SCV, Terran Vehicle and Ship Weapons Level 1  
  77  5:42  Hellion  
  82  5:43  Hellion  
  82  5:48  Marine  
  83  5:55  SCV  
  83  5:56  SCV  
  85  6:06  Marine  
  85  6:07  SCV  
  85  6:09  Hellion  
  85  6:10  Hellion x3  
  93  6:11  Cyclone  
  93  6:12  SCV, Orbital Command  
  93  6:17  Factory  
  97  6:20  SCV  
  97  6:25  SCV, Marine  
  99  6:28  Orbital Command  
  99  6:32  SCV  
  101  6:34  Supply Depot  
  101  6:35  Hellion x4  
  101  6:37  Supply Depot  
  109  6:55  Marine  
  109  6:56  SCV x2  
  109  6:59  Refinery  
  109  7:00  Hellion  
  109  7:01  Hellion x2  
  118  7:03  Refinery  
  118  7:08  SCV  
  119  7:13  Marine  
  110  7:16  Hellion  
  110  7:17  Siege Tank  
  110  7:18  SCV  
  110  7:21  Factory Tech Lab  
  110  7:22  Starport  
  95  7:30  Factory  
  95  7:31  Marine  
  95  7:35  SCV  
  86  7:40  SCV  
  86  7:41  Cyclone  
  88  7:47  SCV  
  88  7:49  Marine  
  90  7:53  SCV  
  87  8:07  Hellion x4, Marine  
  87  8:08  Siege Tank  
  87  8:11  SCV  
  87  8:12  Terran Vehicle And Ship Armor Level 1  
  100  8:16  Armory  
  100  8:17  Starport Reactor  
  100  8:18  SCV  
  101  8:24  Factory Tech Lab, Marine  
  102  8:27  Cyclone  
  102  8:33  SCV  
  106  8:35  Factory  
  106  8:36  Factory Tech Lab  
  106  8:37  SCV  
  106  8:39  SCV  
  108  8:42  Marine  
  108  8:46  SCV  
  95  8:49  SCV  
  84  9:00  Missile Turret, Marine  
  84  9:01  Siege Tank x2  
  94  9:07  Cyclone  
  94  9:09  Hellion x2  
  98  9:13  SCV x2  
  98  9:14  Viking x2  
  104  9:18  Marine  
  104  9:19  SCV  
  106  9:25  SCV x2  
  106  9:30  Cyclone  
  111  9:32  SCV  
  111  9:33  Cyclone, Siege Tank  
  111  9:36  Marine  
  111  9:37  Supply Depot x2  
  119  9:39  Supply Depot, Siege Tank  
  119  9:40  Supply Depot  
  119  9:41  Supply Depot  
  122  9:48  Hellion  
  124  9:53  Supply Depot  
  124  9:54  Marine  
  124  9:58  SCV  
  124  9:59  Hellion x3  
  132  10:03  Cyclone  
  132  10:05  Cyclone x2  
  138  10:09  Hellion  
  138  10:11  Marine  
  141  10:14  Cyclone  
  141  10:16  SCV  
  141  10:20  Hellion  
  147  10:22  Factory  
  147  10:29  Marine  
  147  10:35  Cyclone  
  151  10:37  Cyclone  
  151  10:38  Cyclone  
  157  10:46  Command Center  
  157  10:47  Missile Turret, Marine  
  158  10:50  Missile Turret  
  158  11:05  Marine  
  157  11:23  Hellion, Marine  
  157  11:24  Hellion x2  
  161  11:26  Hellion x3  
  161  11:27  Hellion  
Tags
 
Add a new tag
Caveats
  • Supply blocks, unpowered buildings, or Contaminate may cause inaccurate times.
  • Supply counts are checked every 10 seconds.